 Dungeon Crawl Stone Soup version 0.16-a0-3493-gd9d85f0 (webtiles) character file.

5917 Graywind the Covert (level 10, -22/58 HPs)
             Began as a Vine Stalker Chaos Knight on Jan 4, 2015.
             Was a Plaything of Xom.
             Annihilated by a minotaur (23 damage)
             ... in a labyrinth.
             The game lasted 01:13:51 (7408 turns).

Graywind the Covert (Vine Stalker Chaos Knight)     Turns: 7408, Time: 01:13:52

Health: -22/58     AC: 14    Str: 16    XL:     10   Next: 83%
Magic:  0/14       EV: 16    Int: 12    God:    Xom [....*.]
Gold:   2451       SH:  0    Dex: 16    Spells: 4 memorised, 1 level left

rFire  . . .     SeeInvis .     a - +2 halberd
rCold  . . .     Clarity  .     k - +2 leather armour
rNeg   . . .     SustAb   .     (no shield)
rPois  .         Gourm    .     m - +0 helmet
rElec  .         Spirit   +     (no cloak)
rCorr  .         Warding  .     j - +0 pair of gloves
rMut   +         Stasis   .     (no boots)
MR     +....                    f - amulet of resist mutation
Stlth  +++++.....               l - +3 ring of protection
                                h - ring of stealth

@: very slightly contaminated, hasted, very quick, somewhat resistant to hostile
enchantments, quite stealthy
A: fangs 3, talons 1, iridescent scales 1, regeneration 2, robust 1, magic
shield, antimagic bite, no device heal 3, rot immunity
a: Renounce Religion


You were in a labyrinth.
You worshipped Xom.
You were a beloved toy of Xom.
You were not hungry.

You visited 1 branch of the dungeon, and saw 12 of its levels.
You also visited: Labyrinth and Ossuary.

You collected 2451 gold pieces.

Inventory:

Hand weapons
 a - a +2 halberd (weapon)
 b - a +0 shortbow
 I - a +0 hand crossbow
Missiles
 d - 43 bolts
 o - 6 javelins of returning
 p - 8 poisoned tomahawks
 r - a tomahawk of returning (quivered)
 u - 6 javelins
 w - 114 arrows
 C - 6 bolts of flame
 F - 5 tomahawks
Armour
 j - a +0 pair of gloves (worn)
 k - a +2 leather armour (worn)
 m - a +0 helmet (worn)
 H - a troll hide
Jewellery
 f - an amulet of resist mutation (around neck)
 h - a ring of stealth (left hand)
 l - a +3 ring of protection (right hand)
 t - a cursed ring of poison resistance
Magical devices
 g - a wand of disintegration (14)
 x - a wand of digging (14)
 y - a wand of teleportation (2)
 E - a wand of fire (1)
Scrolls
 e - a scroll of recharging
 n - 5 scrolls of identify
 q - 3 scrolls of amnesia
 G - a scroll of teleportation
 K - 2 scrolls of fog {unknown}
Potions
 s - 10 potions of curing
 A - a potion of flight
 D - 3 potions of might
Books
 v - a book of Burglary

   Spells                             Type                      Level
   a - Swiftness                      Charms/Air                   2
   b - Passwall                       Transmutation/Earth          3
   c - Passage of Golubria            Translocation                4
   d - Lee's Rapid Deconstruction     Earth                        5
   e - Invisibility                   Hexes                        6
   f - Darkness                       Hexes                        7
 z - a book of Hinderance

   Spells                             Type                      Level
   a - Confusing Touch                Hexes                        2
   b - Confuse                        Hexes                        3
   c - Petrify                        Transmutation/Earth          4
   d - Metabolic Englaciation         Hexes/Ice                    5
   e - Summon Mana Viper              Hexes/Summoning              5
   f - Gell's Gravitas                Hexes/Translocation          6
 B - a book of Callings

   Spells                             Type                      Level
   a - Summon Small Mammal            Summoning                    1
   b - Call Imp                       Summoning                    2
   c - Call Canine Familiar           Summoning                    3
   d - Summon Guardian Golem          Hexes/Summoning              4
   e - Summon Lightning Spire         Summoning/Air                4
   f - Summon Ice Beast               Ice/Summoning                4
 J - a Fen Folio

   Spells                             Type                      Level
   a - Corpse Rot                     Necromancy                   2
   b - Stone Arrow                    Conjuration/Earth            3
   c - Leda's Liquefaction            Hexes/Earth                  4
   d - Summon Forest                  Summoning/Translocation      5
   e - Hydra Form                     Transmutation                6
   f - Summon Hydra                   Summoning                    7
Comestibles
 c - 2 bread rations
 i - 6 meat rations


   Skills:
 + Level 6.3 Fighting
 + Level 7.4 Polearms
   Level 1.5(1.8) Slings
 + Level 3.7 Bows
 + Level 1.0(1.5) Throwing
 + Level 4.2 Armour
 + Level 6.8 Dodging
 + Level 8.2 Stealth
 + Level 0.8 Charms
 + Level 1.1 Evocations


You had one spell level left.
You knew the following spells:

 Your Spells              Type           Power        Failure   Level  Hunger
a - Swiftness             Chrm/Air       #.......     52%         2    ###....
b - Corpse Rot            Necr           N/A          52%         2    ###....
c - Call Imp              Summ           #.......     52%         2    ###....
d - Confusing Touch       Hex            #.....       52%         2    ###....


Dungeon Overview and Level Annotations

Branches:
Dungeon (12/15)            Temple (0/1) D:4
   Lair: D:8-11         Orc: D:9-12

Altars:
Gozag
Okawaru
Ru
Vehumet
Jiyva

Shops:
D:10 =   D:11 *

Annotations:
D:11 Fannar


Innate Abilities, Weirdness & Mutations

You have razor-sharp teeth.
You heal very quickly.
When hurt, damage is shared between your health and your magic reserves.
Your bite disrupts and absorbs the magic of your enemies.
Potions and wands cannot restore your health.
You are immune to rotting.
You have sharp toenails.
You are partially covered in iridescent scales (AC +4).
You are robust (+10% HP).


Message History

Zapping:
g - a wand of disintegration (17)
Press: ? - help, Shift-Dir - straight line, f - minotaur
Aim: a minotaur (heavily wounded, chance 33%)
The minotaur is blasted.
This wand has 16 charges left.
The minotaur hits you!
* * * LOW HITPOINT WARNING * * *
The minotaur gores you.
* * * LOW HITPOINT WARNING * * *
Evoke which item? (* to show all) (? for menu, Esc to quit)
Zapping:
g - a wand of disintegration (16)
Press: ? - help, Shift-Dir - straight line, f/p - minotaur
Aim: a minotaur (severely wounded, chance 33%)
The minotaur easily resists.
This wand has 15 charges left.
Evoke which item? (* to show all) (? for menu, Esc to quit)
Zapping:
g - a wand of disintegration (15)
Press: ? - help, Shift-Dir - straight line, f/p - minotaur
Aim: a minotaur (severely wounded, chance 33%)
The minotaur easily resists.
This wand has 14 charges left.
The minotaur hits you!!
You die...
Xom giggles madly!

# ... #.# ###
...#..
#.###<#.### ##
### #.....H.#.#
#. .....# #
#####@#.#####. ##
# #.....#.
.....#. # ##
#.#.###.#########
# .
#.#.......#....
.# # ### ##### #
## # # .......#
.#.# # # #.# ##.#
... . . . .. ▓▓▓▓
▓ ▓ ▓▓


You could see a minotaur.

Vanquished Creatures
  A hill giant (D:11)
  2 centaur skeletons
  2 trolls (D:9)
  A shadow (D:10)
  A trapdoor spider (D:12)
  A hungry ghost (D:10)
  A soldier ant (D:12)
  Menkaure (D:4)
  A mottled dragon (D:11)
  A water moccasin (D:11)
  2 orc warriors
  7 ogres
  2 sky beasts
  2 phantoms
  2 black bears
  3 centaurs
  A crocodile (D:10)
  4 giant frogs
  A big kobold (D:9)
  2 elf skeletons (D:8)
  4 wights (D:8)
  A water moccasin skeleton (D:7)
  2 centaur zombies
  2 giant frog skeletons
  5 orc wizards
  3 crimson imps
  A giant frog zombie (Ossuary)
  5 jellies
  A gnoll shaman (D:6)
  6 worker ants
  An orc priest (D:7)
  4 iguanas
  Natasha (thrice) (D:4)
  3 hounds
  3 big kobold zombies (Ossuary)
  5 mummies
  13 adders
  8 gnolls
  A shadow imp (D:7)
  2 worms (D:2)
  4 giant geckos
  3 oozes
  25 orcs
  3 ball pythons
  16 hobgoblins
  15 jackals
  16 kobolds
  3 quokkas
  9 bats
  4 giant cockroaches
  2 giant gecko skeletons
  3 giant newts
  2 giant spores (D:9)
  A goblin (shapeshifter) (D:2)
  13 goblins
  2 goblin zombies (Ossuary)
  A hobgoblin zombie (Ossuary)
  2 kobold zombies (Ossuary)
  3 orc skeletons
  4 orc zombies
  15 rats
  16 ballistomycetes
273 creatures vanquished.

Vanquished Creatures (others)
  3 quasits
  2 iron imps (D:11)
  A shadow imp (D:11)
  An ufetubus (D:11)
  A bat (D:9)
  2 giant spores
  A kobold (D:4)
11 creatures vanquished.

Grand Total: 284 creatures vanquished

Notes
Turn   | Place    | Note
--------------------------------------------------------------
     0 | D:1      | Graywind, the Vine Stalker Chaos Knight, began the quest for the Orb.
     0 | D:1      | Reached XP level 1. HP: 11/11 MP: 1/1
    58 | D:1      | XOM: harmless Fire miscast
    91 | D:1      | XOM: butterfly on damage
   261 | D:1      | Reached XP level 2. HP: 16/16 MP: 3/3
   286 | D:1      | Reached skill level 3 in Polearms
   408 | D:1      | XOM: potion effect (agility)
   413 | D:1      | XOM: butterfly on damage
   536 | D:2      | Reached XP level 3. HP: 13/20 MP: 1/4
   575 | D:2      | Reached skill level 1 in Dodging
   579 | D:2      | XOM: butterfly on damage
   671 | D:2      | Reached XP level 4. HP: 20/24 MP: 3/5
   688 | D:2      | Reached skill level 1 in Stealth
  1238 | D:3      | Noticed a giant frog
  1248 | D:3      | Killed a giant frog
  1248 | D:3      | Reached skill level 1 in Slings
  1248 | D:3      | Reached XP level 5. HP: 18/28 MP: 4/7
  1278 | D:3      | XOM: silly message
  1291 | D:3      | XOM: silly message
  1493 | D:4      | XOM: smoke on damage
  1527 | D:4      | XOM: divination: detect creatures
  1537 | D:4      | XOM: silly message
  1539 | D:4      | Gained mutation: You heal very quickly. [vine stalker growth]
  1539 | D:4      | Reached XP level 6. HP: 19/32 MP: 4/8
  1567 | D:4      | Noticed an ogre
  1572 | D:4      | Killed an ogre
  1573 | D:4      | Found a staircase to the Ecumenical Temple.
  1714 | D:4      | Noticed Menkaure
  1721 | D:4      | Killed Menkaure
  1721 | D:4      | Reached skill level 4 in Stealth
  1721 | D:4      | Reached XP level 7. HP: 23/37 MP: 9/9
  1765 | D:4      | Noticed Natasha
  1771 | D:4      | Killed Natasha
  1843 | D:4      | Noticed Natasha
  1849 | D:4      | Killed Natasha
  1851 | D:4      | Noticed a phantom
  1859 | D:4      | XOM: cast spell 'Cause Fear'
  1860 | D:4      | XOM: smoke on damage
  1868 | D:4      | Killed a phantom
  2015 | D:4      | XOM: 1-stop teleportation journey
  2020 | D:4      | Noticed Natasha
  2023 | D:4      | Killed Natasha
  2142 | D:4      | Reached skill level 5 in Stealth
  2231 | D:5      | Entered Level 5 of the Dungeon
  2337 | D:5      | XOM: 10-stop teleportation journey
  2339 | D:5      | Found a sacrificial altar of Ru.
  2363 | D:5      | Gained mutation: You have razor-sharp teeth. [vine stalker growth]
  2363 | D:5      | Reached XP level 8. HP: 23/42 MP: 7/11
  2494 | D:5      | XOM: god gift: encrusted brass wand {god gift}
  2504 | D:5      | XOM: smoke on damage
  2779 | D:6      | XOM: summons friendly quasit
  2787 | D:6      | XOM: summons friendly quasit
  2823 | D:6      | XOM: god gift: 2040 gold pieces
  2838 | D:6      | XOM: 3-stop teleportation journey
  2868 | D:6      | Found an opulent altar of Gozag.
  2876 | D:6      | XOM: divination: detect creatures
  2878 | D:6      | Reached skill level 5 in Polearms
  2901 | D:6      | You fall through a shaft!
  3042 | D:7      | Found an iron altar of Okawaru.
  3063 | D:7      | XOM: enchant monster (good)
  3131 | D:7      | XOM: medium Fire miscast
  3158 | D:7      | XOM: harmless Necr miscast
  3314 | D:8      | Found a viscous altar of Jiyva.
  3338 | D:8      | Reached skill level 6 in Stealth
  3338 | D:8      | Reached XP level 9. HP: 37/46 MP: 9/12
  3371 | D:8      | Reached skill level 1 in Bows
  3371 | D:8      | Reached skill level 5 in Dodging
  3511 | D:8      | Found a sand-covered staircase.
  3516 | Ossuary  | Entered an ossuary
  3546 | Ossuary  | Reached skill level 5 in Fighting
  3668 | Ossuary  | XOM: potion effect (invisibility)
  3670 | Ossuary  | XOM: noise
  3709 | Ossuary  | XOM: summons 5 hostile shadow creatures
  3857 | D:8      | XOM: 1-stop teleportation journey
  3891 | D:8      | Learned a level 2 spell: Swiftness
  3941 | D:8      | XOM: smoke on damage
  4080 | D:8      | Reached skill level 7 in Stealth
  4192 | D:8      | XOM: mild Divn miscast
  4732 | D:9      | XOM: destruction
  4745 | D:9      | Reached XP level 10. HP: 43/53 MP: 11/14
  4844 | D:9      | Learned a level 2 spell: Corpse Rot
  4902 | D:9      | Found a radiant altar of Vehumet.
  5003 | D:9      | XOM: harmless Conj miscast
  5051 | D:9      | Reached skill level 1 in Evocations
  5142 | D:9      | XOM: noise
  5320 | D:10     | Entered Level 10 of the Dungeon
  5435 | D:10     | Found Nulozoff's Jewellery Boutique.
  5478 | D:10     | XOM: god gift: 22 gold pieces
  5649 | D:10     | XOM: silly message
  5703 | D:10     | XOM: noise
  5877 | D:11     | XOM: smoke on damage
  5879 | D:11     | Reached skill level 8 in Stealth
  5936 | D:11     | XOM: noise
  5942 | D:11     | Reached skill level 1 in Throwing
  5945 | D:11     | Noticed a hill giant
  5963 | D:11     | XOM: summons 4 friendly demons
  5973 | D:11     | XOM: potion effect (berserk rage)
  5976 | D:11     | XOM: enchant monster (bad)
  5987 | D:11     | XOM: summons friendly shadow imp
  6002 | D:11     | Killed a hill giant
  6026 | D:11     | Noticed Fannar
  6026 | D:11     | XOM: enchant monster (bad)
  6099 | D:11     | Found Atojodus' Demolitions Depot.
  6186 | D:11     | Noticed a hill giant
  6187 | D:11     | XOM: cast spell 'Cause Fear'
  6209 | D:12     | Learned a level 2 spell: Call Imp
  6212 | D:12     | Learned a level 2 spell: Confusing Touch
  6331 | D:12     | Found a labyrinth entrance.
  6341 | Lab      | Entered a labyrinth
  6502 | Lab      | XOM: 1-stop teleportation journey
  6743 | Lab      | XOM: 2-stop teleportation journey
  6876 | Lab      | XOM: god gift: scroll of teleportation
  6886 | Lab      | XOM: vitrification
  7246 | Lab      | XOM: god gift: 8 poisoned tomahawks
  7385 | Lab      | XOM: give mutations
  7385 | Lab      | Gained mutation: You are partially covered in iridescent scales (AC +4). [Xom's grace]
  7385 | Lab      | Gained mutation: You have sharp toenails. [Xom's grace]
  7385 | Lab      | Gained mutation: You are robust (+10% HP). [Xom's grace]
  7399 | Lab      | Noticed a minotaur
  7406 | Lab      | HP: 1/58 [minotaur (2)]
  7408 | Lab      | Annihilated by a minotaur

Action                   |  1- 3 |  4- 6 |  7- 9 | 10-12 || total
-------------------------+-------+-------+-------+-------++-------
Melee: Spear             |    86 |   110 |       |       ||   196
       Halberd           |       |    18 |   459 |   248 ||   725
 Fire: Hunting sling     |    10 |    17 |       |       ||    27
       Shortbow          |       |       |    35 |    33 ||    68
Throw: Tomahawk          |       |     2 |     9 |     6 ||    17
       Stone             |       |       |     1 |       ||     1
       Javelin           |       |       |       |     1 ||     1
 Cast: Swiftness         |       |       |     1 |       ||     1
Evoke: Wand              |       |       |     7 |     8 ||    15
  Use: Scroll            |     5 |     1 |    17 |     2 ||    25
       Potion            |     1 |     1 |     9 |     4 ||    15
 Stab: Sleeping          |     3 |     7 |    22 |     7 ||    39
       Petrifying        |     1 |       |       |       ||     1
       Paralysed         |       |     2 |       |       ||     2
       Invisible         |       |       |     3 |       ||     3
  Eat: Chunk             |       |     2 |     7 |     5 ||    14
       Fruit             |       |     1 |     1 |       ||     2
       Pizza             |       |       |     2 |       ||     2
       Bread ration      |       |       |       |     1 ||     1
       Royal jelly       |       |       |       |     1 ||     1
